 Dungeon Crawl Stone Soup version 0.29.1-13-g9f3cf754e1 (webtiles) character file.

Game seed: 8152219447646287537

348 iambehindu the Chopper (level 6, 0/76 HPs)
             Began as a Minotaur Berserker on Jan 29, 2023.
             Was a Believer of Trog.
             Slain by a gnoll
             ... wielding a +0 halberd
              (2 damage)
             ... on level 4 of the Dungeon.
             The game lasted 00:15:47 (4616 turns).

iambehindu the Chopper (Minotaur Berserker)         Turns: 4616, Time: 00:15:48

Health: 0/76       AC:  7    Str: 23    XL:     6   Next: 33%
Magic:  5/5        EV: 10    Int:  4    God:    Trog [**....]
Gold:   162        SH:  0    Dex: 10    Spells: 5/5 levels left

rFire   . . .      SeeInvis .   u - +0 war axe
rCold   . . .      Faith    .   (no shield)
rNeg    . . .      Spirit   .   f - +0 scale mail
rPois   .          Reflect  .   (helmet restricted)
rElec   .          Harm     .   (no cloak)
rCorr   .          Rampage  .   (no gloves)
Will    .....                   (no boots)
Stlth   ..........              (no amulet)
HPRegen 0.22/turn               (no ring)
MPRegen 0.09/turn               (no ring)

@: berserking, very quick
A: horns 2, retaliatory headbutt
a: Renounce Religion, Berserk, Trog's Hand


You were on level 4 of the Dungeon.
You worshipped Trog.
Trog was pleased with you.
You visited 1 branch of the dungeon, and saw 4 of its levels.

You collected 162 gold pieces.

Inventory:

Hand Weapons
 a - a +0 hand axe
 u - a +0 war axe (weapon)
 v - a +0 giant spiked club
Armour
 b - a +0 animal skin
 c - a +0 leather armour
 f - a +0 scale mail (worn)
 r - a +0 ring mail
Jewellery
 l - a ring of positive energy
 p - a ring of magical power
 s - a ring of fire
 t - a ring of protection from cold
Wands
 w - a wand of polymorph (6)
Scrolls
 d - a scroll of blinking {unknown}
 e - a scroll of enchant weapon {unknown}
 j - 7 scrolls of identify {unknown}
 k - 2 scrolls of teleportation {unknown}
 m - a scroll of fog {unknown}
 o - a scroll of enchant armour {unknown}
 q - a scroll of noise {unknown}
Potions
 g - a potion of magic {unknown}
 h - a potion of mutation {unknown}
 i - a potion of berserk rage {unknown}
 n - a potion of flight {unknown}
 x - a potion of curing {unknown}
 z - a potion of resistance {unknown}
 A - 2 potions of ambrosia {unknown}


   Skills:
 - Level 3.6 Fighting
 + Level 7.4 Axes
 + Level 4.9 Armour
 - Level 2.1 Dodging


You had 5 spell levels left.
You didn't know any spells.
Your spell library was empty.

Dungeon Overview and Level Annotations

Branches:
Dungeon (4/15)             Temple (0/1) D:4

Altars:


Innate Abilities, Weirdness & Mutations

You have a pair of horns on your head.
You reflexively headbutt those who attack you in melee.


Message History

You destroy the hobgoblin zombie!
Trog accepts your kill.
A gnoll comes into view. It is wielding a +0 halberd.
The gnoll shouts!
A gnoll comes into view. It is wielding a +0 flail.
The gnoll shouts!
The gnoll hits you from afar with a +0 halberd!
The gnoll hits you with a +0 halberd! The gnoll hits you with a +0 flail.
You closely miss the gnoll. You hit the gnoll. The gnoll barely misses you. x2
You furiously retaliate!
You headbutt the gnoll, but do no damage.
The gnoll attacks as you move away! The gnoll barely misses you.
You furiously retaliate!
You headbutt the gnoll, but do no damage.
The gnoll attacks as you move away! The gnoll hits you with a +0 halberd!
The gnoll completely misses you.
You hit the gnoll.
The gnoll is heavily wounded.
The gnoll closely misses you. x2
A mummy comes into view.
You slash the gnoll!
You kill the gnoll!
Trog accepts your kill.
The gnoll hits you from afar with a +0 halberd!
* * * LOW HITPOINT WARNING * * *
The gnoll hits you from afar with a +0 halberd.
* * * LOW HITPOINT WARNING * * *
The gnoll hits you from afar with a +0 halberd.
* * * LOW HITPOINT WARNING * * *
The mummy hits you but does no damage.
A red film seems to cover your vision as you go berserk!
You feel yourself moving faster!
You feel mighty! The gnoll barely misses you.
You barely miss the mummy. The mummy closely misses you.
You slash the mummy!
The mummy is heavily damaged.
The gnoll barely misses you.
You hit the mummy. Your headbutt misses the mummy.
The mummy is severely damaged.
The gnoll hits you from afar with a +0 halberd.
You die...

...>.##....##
........#.##
###.#####.# #.#
#.# #># #.# #.#
#.# #.# #.# ##.##
#.# ##########
##...####.#
#.@M.....#
..........#
#.##g.##.#
.#...###..# #.#
...# .##)##
#..#####.# ...#
.##.## #....)...#
####
.#...###.######.#
......##.# #.#
......##.# #..
......##.# ##..


You could see a mummy and a gnoll.

Vanquished Creatures
  An ogre (D:4)
  A gnoll bouda (D:4)
  An orc priest (D:4)
  An orc wizard (D:4)
  3 adders
  5 gnolls (D:4)
  A white imp (D:3)
  2 worms
  A dart slug (D:1)
  6 orcs
  7 bats
  4 endoplasms
  A giant cockroach (D:4)
  4 hobgoblins
  7 jackals
  6 kobolds
  2 quokkas
  10 ball pythons
  6 frilled lizards
  9 goblins
  A hobgoblin zombie (D:4)
  2 kobold zombies (D:4)
  4 rats
85 creatures vanquished.

Notes
Turn   | Place    | Note
-------+----------+-------------------------------------------
     0 | D:1      | iambehindu the Minotaur Berserker began the quest for the
                  | Orb.
     0 | D:1      | Reached XP level 1. HP: 19/19 MP: 0/0
   474 | D:1      | Reached skill level 4 in Axes
   478 | D:1      | Reached XP level 2. HP: 24/26 MP: 1/1
  1319 | D:2      | Reached ** piety under Trog
  1320 | D:2      | Reached XP level 3. HP: 29/31 MP: 2/2
  1395 | D:2      | Reached skill level 5 in Axes
  1896 | D:2      | Found a faded altar of an unknown god.
  2867 | D:3      | Reached XP level 4. HP: 38/39 MP: 3/3
  3441 | D:4      | Noticed an ogre
  3448 | D:4      | Killed an ogre
  3449 | D:4      | Reached skill level 6 in Axes
  3449 | D:4      | Reached XP level 5. HP: 27/45 MP: 4/4
  3758 | D:4      | Reached skill level 7 in Axes
  4126 | D:4      | Reached XP level 6. HP: 47/51 MP: 5/5
  4540 | D:4      | Found a staircase to the Ecumenical Temple.
  4612 | D:4      | HP: 1/51 [gnoll/+0 halberd (6)]
  4616 | D:4      | Slain by a gnoll

Illustrated notes

Levels and vault maps discovered:
D:1:      psy_arrival_radial02, layout_rooms, chequers_jeans
D:2:      layout_basic, nicolae_ecumenical_oubliette, wad_floor_pattern_2,
          nicolae_figureground_pulse
D:3:      layout_loops_ring
D:4:      layout_loops_ring, temple_green, serial_forest,
          infiniplex_forest_straight_4, infiniplex_forest_lined_room_3,
          infiniplex_forest_lined_room_, infiniplex_forest_lined_1,
          infiniplex_forest_end_2, infiniplex_forest_lined_2,
          minmay_misc_feat_diagonals, minmay_mini_ossuary

Skill      XL: |  1  2  3  4  5 |
---------------+----------------+-----
Axes           | 4 5 6 7 |  7.4
Armour         | 3 4 |  4.9
Fighting       | |  3.6
Dodging        | |  2.1

Action                   |  1- 3 |  4- 6 || total
-------------------------+-------+-------++-------
Melee: Hand axe          |   105 |    27 ||   132
       Headbutt          |    16 |    12 ||    28
       Punch             |     1 |     1 ||     2
       War axe           |       |    50 ||    50
Invok: Berserk           |       |     2 ||     2
Armor: Leather armour    |     8 |       ||     8
       Scale mail        |    34 |    24 ||    58
Dodge: Dodged            |    62 |    47 ||   109
